 Dungeon Crawl Stone Soup version 0.23.1 (webtiles) character file.

Game seed: 0

29358 Hylith the Blocker (level 13, -20/114 HPs)
             Began as a Gnoll Fighter on Mar 13, 2019.
             Was the Champion of Okawaru.
             Killed from afar by a deep elf mage (29 damage)
             ... with a bolt of magma
             ... on level 13 of the Dungeon.
             The game lasted 00:51:19 (12725 turns).

Hylith the Blocker (Gnoll Fighter)                 Turns: 12725, Time: 00:51:20

Health: -20/114    AC: 30    Str: 21 (24) XL:     13   Next: 44%
Magic:  27/27      EV: 14    Int:  9 (12) God:    Okawaru [******]
Gold:   759        SH: 13    Dex: 13 (15) Spells: 28/28 levels left

rFire    . . .     SeeInvis .   C - +2 flail (protect)
rCold    . . .     Gourm    .   x - +1 shield {reflect}
rNeg     . . .     Faith    .   F - +0 shadow dragon scales
rPois    .         Spirit   .   E - +1 hat
rElec    .         Reflect  +   e - +2 cloak
rCorr    .         Harm     .   T - +0 pair of gloves
MR       .....                  R - +1 pair of boots {run}
Stlth    +++++.....             (no amulet)
HPRegen  0.29/turn              j - +3 ring of evasion
MPRegen  0.20/turn              D - +3 ring of slaying

@: protection aura, quick
A: distributed training, fangs 1, high mp 1, robust 1, strong 1, strong nose
a: Heroism, Finesse, Renounce Religion


You were on level 13 of the Dungeon.
You worshipped Okawaru.
Okawaru was exalted by your worship.
You were hungry.

You visited 2 branches of the dungeon, and saw 15 of its levels.

You collected 759 gold pieces.

Inventory:

Hand Weapons
 C - a +2 flail of protection (weapon)
Missiles
 c - 33 sling bullets
 r - 8 tomahawks
 X - 8 javelins of returning (quivered)
Armour
 e - a +2 cloak (worn)
 x - a +1 shield of reflection (worn)
 B - the +0 pair of boots of the End {Str+4}
   (Okawaru gifted it to you on level 13 of the Dungeon)

   It affects your strength (+4).
 E - a +1 hat (worn)
 F - +0 shadow dragon scales (worn)
 R - a +1 pair of boots of running (worn)
 T - a +0 pair of gloves (worn)
Jewellery
 a - an uncursed ring of wizardry
 j - a +3 ring of evasion (left hand)
 q - an uncursed ring of positive energy
 w - an uncursed ring of magical power
 D - a +3 ring of slaying (right hand)
Wands
 y - a wand of digging (7)
 J - a wand of flame (12)
 O - a wand of polymorph (10)
 S - a wand of iceblast (21)
Scrolls
 b - 5 scrolls of fear
 g - 9 scrolls of teleportation
 k - 2 scrolls of fog
 n - a scroll of amnesia
 t - a scroll of blinking {unknown}
 u - 4 scrolls of enchant armour
 v - 2 scrolls of immolation
 A - a scroll of noise
 K - 2 scrolls of remove curse
 M - 2 scrolls of enchant weapon
 Q - a scroll of brand weapon {unknown}
 U - 2 scrolls of magic mapping
 V - a scroll of holy word {unknown}
Potions
 d - a potion of might
 h - 2 potions of curing
 i - 4 potions of lignification
 l - 2 potions of invisibility
 m - a potion of agility {unknown}
 o - a potion of degeneration
 p - a potion of flight
 s - 2 potions of brilliance {unknown}
 z - 2 potions of mutation
 G - a potion of ambrosia
 H - 3 potions of haste {unknown}
 I - a potion of cancellation {unknown}
 P - 4 potions of heal wounds {unknown}
 Z - 2 potions of resistance {unknown}
Comestibles
 f - 29 rations


   Skills:
 + Level 10.4 Fighting
 + Level 8.1 Short Blades
 + Level 8.1 Long Blades
 + Level 8.1 Axes
 + Level 9.4 Maces & Flails
 + Level 8.1 Polearms
 + Level 8.1 Staves
 + Level 8.1 Slings
 + Level 8.1 Bows
 + Level 8.1 Crossbows
 + Level 8.1 Throwing
 + Level 10.4 Armour
 + Level 8.1 Dodging
 + Level 8.1 Stealth
 + Level 10.4 Shields
 + Level 8.1 Unarmed Combat
 + Level 8.1 Spellcasting
 + Level 6.8 Conjurations
 + Level 6.8 Hexes
 + Level 6.8 Charms
 + Level 6.8 Summonings
 + Level 6.8 Necromancy
 + Level 6.8 Translocations
 + Level 6.8 Transmutations
 + Level 6.8 Fire Magic
 + Level 6.8 Ice Magic
 + Level 6.8 Air Magic
 + Level 6.8 Earth Magic
 + Level 6.8 Poison Magic
 + Level 8.9 Invocations
 + Level 8.1 Evocations


You had 28 spell levels left.
You didn't know any spells.
Your spell library contained the following spells:

 Spells                   Type           Power        Failure   Level  Hunger
 Magic Dart               Conj           ###.         13%         1    None
 Blink                    Tloc           N/A          19%         2    ##.....
 Call Imp                 Summ           ###.....     19%         2    ##.....
 Searing Ray              Conj           ###...       19%         2    ##.....
 Slow                     Hex            ###.....     19%         2    ##.....
 Conjure Flame            Conj/Fire      ###.....     36%         3    ###....
 Dazzling Spray           Conj/Hex       ###...       36%         3    ###....
 Mephitic Cloud           Conj/Pois/Air  ###.....     36%         3    ###....
 Cause Fear               Hex            ###.......   77%         4    ####...
 Force Lance              Conj/Tloc      ###.....     77%         4    ####...
 Fulminant Prism          Conj/Hex       ###.......   77%         4    ####...
 Iskenderun's Mystic Bla  Conj           ###.....     77%         4    ####...
 Silence                  Hex/Air        ###.......   98%         5    ######.
 Yara's Violent Unravell  Hex/Tmut       ###.......   98%         5    ######.
 Deflect Missiles         Chrm/Air       ###.......   100%        6    #######
 Discord                  Hex            ###.......   100%        8    #######


Dungeon Overview and Level Annotations

Branches:
Dungeon (14/15)            Temple (1/1) D:4            Lair (0/6) D:9
    Orc (0/2) D:11         Vaults (0/5) D:13

Altars:
Ashenzari
Cheibriados
Dithmenos
Elyvilon
Fedhas
Gozag
Hepliaklqana
Kikubaaqudgha
Makhleb
Nemelex Xobeh
Okawaru
Qazlal
Ru
Sif Muna
Trog
Uskayaw
Vehumet
Wu Jian
Xom
Yredelemnul
Zin
The Shining One

Shops:
D:11 %


Innate Abilities, Weirdness & Mutations

Your experience applies equally to all skills.
You have very sharp teeth.
Your uncanny sense of smell can sniff out nearby items.
You have an increased reservoir of magic. (+10% MP)
You are robust. (+10% HP)
Your muscles are strong. (Str +2)


Message History

The slime creature is severely wounded.
The slime creature hits you but does no damage.
You block the slime creature's attack.
You sock the slime creature! You bite the slime creature.
You kill the slime creature!
Okawaru accepts your kill. The slime creature hits you.
* * * LOW HITPOINT WARNING * * *
You sock the slime creature! You bite the slime creature.
The slime creature is lightly wounded.
The deep elf mage gestures wildly while chanting.
The slime creature barely misses you.
You sock the slime creature! You bite the slime creature.
The slime creature is heavily wounded.
The slime creature closely misses you.
You sock the slime creature!
The slime creature is severely wounded.
The deep elf mage points at you and mumbles some strange words.
The bolt of magma hits you!!
You die...

#.........## #.####
#..........# #.##.#
#..........# #.##.#
#..........###.##.#
#.......E......[#.##
#....e.........[....
#.........#####.#[..
#.J)).....#####.###.
###@%...............
#############.###.
#.# #. #.# #.
#######.# #.
#.......# #^
#.......# ##
#.......#
#######.####


You could see a slime creature, an earth elemental and a deep elf mage.

Vanquished Creatures
  Gastronok (D:8)
  An ice dragon (D:13)
  A centaur warrior (D:13)
  6 two-headed ogres
  Sonja (D:12)
  An unseen horror (D:13)
  An orc knight (D:13)
  3 manticores
  A cyclops (D:13)
  2 ugly things
  4 gargoyles
  3 trolls
  6 slime creatures (D:13)
  2 hippogriffs
  A wraith (D:10)
  A vampire (D:10)
  11 yaks
  A wyvern (D:12)
  15 humans
  A steam dragon (D:11)
  A hungry ghost (D:9)
  3 wargs (D:9)
  An acid dragon (D:12)
  5 water moccasins
  A soldier ant (D:10)
  Duvessa (D:4)
  8 orc warriors
  7 sky beasts
  3 eyes of draining
  6 ogres
  3 phantoms
  4 necrophages
  17 centaurs
  3 big kobolds
  6 bullfrogs
  A gnoll sergeant (D:10)
  A wyvern zombie (D:12)
  Dowan (D:4)
  4 scorpions
  5 killer bees (D:13)
  11 wights
  A howler monkey (D:6)
  3 crimson imps
  2 quasits
  5 bullfrog zombies
  3 centaur zombies
  4 jellies
  14 orc wizards
  9 centaur skeletons
  9 orc priests
  6 hounds
  3 iron imps (D:8)
  5 bullfrog skeletons
  7 iguanas
  10 worker ants
  A hound zombie (D:6)
  2 worker ant zombies
  A howler monkey zombie (D:7)
  4 gnolls
  12 adders
  7 shadow imps
  2 adder skeletons
  3 worms
  A dart slug (D:1)
  5 leopard geckos
  59 orcs
  A ball python (D:1)
  2 bats
  6 giant cockroaches
  6 hobgoblins
  17 jackals
  5 quokkas
  16 frilled lizards
  5 goblins
  24 kobolds
  A leopard gecko zombie (D:5)
  7 rats
423 creatures vanquished.

Notes
Turn   | Place    | Note
-------+----------+-------------------------------------------
     0 | D:1      | Hylith the Gnoll Fighter began the quest for the Orb.
     0 | D:1      | Reached XP level 1. HP: 23/23 MP: 1/1
    54 | D:1      | Reached XP level 2. HP: 27/29 MP: 2/2
   418 | D:1      | Reached XP level 3. HP: 35/35 MP: 3/3
   606 | D:2      | Reached skill level 1 in Invocations
   650 | D:2      | Reached skill level 1 in Short Blades
   650 | D:2      | Reached skill level 1 in Long Blades
   650 | D:2      | Reached skill level 1 in Axes
   650 | D:2      | Reached skill level 1 in Polearms
   650 | D:2      | Reached skill level 1 in Staves
   650 | D:2      | Reached skill level 1 in Slings
   650 | D:2      | Reached skill level 1 in Bows
   650 | D:2      | Reached skill level 1 in Crossbows
   650 | D:2      | Reached skill level 1 in Throwing
   650 | D:2      | Reached skill level 1 in Dodging
   650 | D:2      | Reached skill level 1 in Stealth
   650 | D:2      | Reached skill level 1 in Unarmed Combat
   650 | D:2      | Reached skill level 1 in Spellcasting
   650 | D:2      | Reached skill level 1 in Evocations
   650 | D:2      | Reached XP level 4. HP: 33/41 MP: 5/5
  1133 | D:3      | Found a glowing golden altar of the Shining One.
  1180 | D:3      | Reached skill level 1 in Conjurations
  1180 | D:3      | Reached skill level 1 in Hexes
  1180 | D:3      | Reached skill level 1 in Charms
  1180 | D:3      | Reached skill level 1 in Summonings
  1180 | D:3      | Reached skill level 1 in Necromancy
  1180 | D:3      | Reached skill level 1 in Translocations
  1180 | D:3      | Reached skill level 1 in Transmutations
  1180 | D:3      | Reached skill level 1 in Fire Magic
  1180 | D:3      | Reached skill level 1 in Ice Magic
  1180 | D:3      | Reached skill level 1 in Air Magic
  1180 | D:3      | Reached skill level 1 in Earth Magic
  1180 | D:3      | Reached skill level 1 in Poison Magic
  1538 | D:3      | Reached XP level 5. HP: 47/47 MP: 6/6
  1692 | D:3      | Found a hazy altar of Hepliaklqana.
  1904 | D:4      | Noticed an ogre
  1917 | D:4      | Killed an ogre
  1917 | D:4      | Reached XP level 6. HP: 53/53 MP: 8/8
  2016 | D:4      | Reached skill level 5 in Maces & Flails
  2087 | D:4      | Found a sparkling altar of Nemelex Xobeh.
  2133 | D:4      | Reached XP level 7. HP: 59/59 MP: 10/10
  2181 | D:4      | Found a bloodstained altar of Trog.
  2188 | D:4      | Found a staircase to the Ecumenical Temple.
  2208 | Temple   | Entered the Ecumenical Temple
  2524 | D:4      | Noticed Duvessa
  2524 | D:4      | Noticed Dowan
  2542 | D:4      | Killed Duvessa
  2556 | D:4      | Killed Dowan
  2877 | D:5      | Entered Level 5 of the Dungeon
  3003 | D:5      | Reached XP level 8. HP: 56/67 MP: 12/12
  3107 | D:5      | Found an iron altar of Okawaru.
  3124 | D:5      | Became a worshipper of Warmaster Okawaru
  3717 | D:5      | Reached * piety under Okawaru
  4320 | D:6      | Reached XP level 9. HP: 56/72 MP: 14/14
  4978 | D:7      | Found an ornate altar of the Wu Jian Council.
  5042 | D:7      | Reached ** piety under Okawaru
  5295 | D:7      | Found a shattered altar of Ashenzari.
  5675 | D:8      | Noticed Gastronok
  5690 | D:8      | Killed Gastronok
  5690 | D:8      | Reached *** piety under Okawaru
  5690 | D:8      | Reached **** piety under Okawaru
  5690 | D:8      | Reached skill level 5 in Short Blades
  5690 | D:8      | Reached skill level 5 in Long Blades
  5690 | D:8      | Reached skill level 5 in Axes
  5690 | D:8      | Reached skill level 5 in Polearms
  5690 | D:8      | Reached skill level 5 in Staves
  5690 | D:8      | Reached skill level 5 in Slings
  5690 | D:8      | Reached skill level 5 in Bows
  5690 | D:8      | Reached skill level 5 in Crossbows
  5690 | D:8      | Reached skill level 5 in Throwing
  5690 | D:8      | Reached skill level 5 in Dodging
  5690 | D:8      | Reached skill level 5 in Stealth
  5690 | D:8      | Reached skill level 5 in Unarmed Combat
  5690 | D:8      | Reached skill level 5 in Spellcasting
  5690 | D:8      | Reached skill level 5 in Invocations
  5690 | D:8      | Reached skill level 5 in Evocations
  5690 | D:8      | Reached XP level 10. HP: 81/81 MP: 15/17
  5937 | D:8      | Found a burning altar of Makhleb.
  6058 | D:8      | Noticed a two-headed ogre
  6083 | D:8      | Killed a two-headed ogre
  6290 | D:8      | Reached ***** piety under Okawaru
  6305 | D:8      | Found a radiant altar of Vehumet.
  6918 | D:9      | Received a gift from Okawaru
  6984 | D:9      | Got a faintly humming leather armour
  6995 | D:9      | Identified the +3 leather armour "Fyrghine" {*Drain Str+3
                  | Dex+2} (You found it on level 9 of the Dungeon)
  7074 | D:9      | Found a staircase to the Lair.
  7104 | D:9      | Reached XP level 11. HP: 86/87 MP: 19/19
  7583 | D:10     | Entered Level 10 of the Dungeon
  7789 | D:10     | Received a gift from Okawaru
  7822 | D:10     | Reached skill level 5 in Conjurations
  7822 | D:10     | Reached skill level 5 in Hexes
  7822 | D:10     | Reached skill level 5 in Charms
  7822 | D:10     | Reached skill level 5 in Summonings
  7822 | D:10     | Reached skill level 5 in Necromancy
  7822 | D:10     | Reached skill level 5 in Translocations
  7822 | D:10     | Reached skill level 5 in Transmutations
  7822 | D:10     | Reached skill level 5 in Fire Magic
  7822 | D:10     | Reached skill level 5 in Ice Magic
  7822 | D:10     | Reached skill level 5 in Air Magic
  7822 | D:10     | Reached skill level 5 in Earth Magic
  7822 | D:10     | Reached skill level 5 in Poison Magic
  8153 | D:10     | Noticed a two-headed ogre
  8174 | D:10     | Killed a two-headed ogre
  8174 | D:10     | Reached ****** piety under Okawaru
  8174 | D:10     | Received a gift from Okawaru
  8186 | D:10     | Identified a +1 pair of boots of running (Okawaru gifted it
                  | to you on level 10 of the Dungeon)
  8194 | D:10     | Noticed a two-headed ogre
  8208 | D:10     | Killed a two-headed ogre
  8515 | D:11     | Found a staircase to the Orcish Mines.
  8523 | D:11     | Noticed a manticore
  8745 | D:11     | Noticed a manticore
  8756 | D:11     | Killed a manticore
  8827 | D:11     | Noticed a green ugly thing
  8856 | D:11     | Killed a green ugly thing
  8856 | D:11     | Reached XP level 12. HP: 87/96 MP: 22/22
  9013 | D:11     | Gained mutation: You are robust. (+10% HP) [potion of
                  | mutation]
  9013 | D:11     | Gained mutation: Your muscles are strong. (Str +2) [potion
                  | of mutation]
  9013 | D:11     | Gained mutation: You have an increased reservoir of magic.
                  | (+10% MP) [potion of mutation]
  9685 | D:11     | Found Tuiwi's Food Shop.
 10004 | D:12     | Noticed a two-headed ogre
 10011 | D:12     | Killed a two-headed ogre
 10163 | D:12     | Received a gift from Okawaru
 10512 | D:12     | Noticed a two-headed ogre
 10519 | D:12     | Killed a two-headed ogre
 10798 | D:12     | Received a gift from Okawaru
 10804 | D:12     | Noticed Sonja
 10807 | D:12     | Killed Sonja
 11023 | D:12     | Found a deep blue altar of Sif Muna.
 11134 | D:13     | Found a gate to the Vaults.
 11134 | D:13     | Noticed a two-headed ogre
 11134 | D:13     | Noticed an ice dragon
 11134 | D:13     | Noticed a centaur warrior
 11372 | D:13     | Received a gift from Okawaru
 11456 | D:13     | Reached skill level 10 in Fighting
 11456 | D:13     | Reached skill level 10 in Armour
 11456 | D:13     | Reached skill level 10 in Shields
 11648 | D:13     | Killed a two-headed ogre
 11648 | D:13     | Reached XP level 13. HP: 109/113 MP: 27/27
 11746 | D:13     | Killed an ice dragon
 11821 | D:13     | HP: 5/114 [poisoned by a green ugly thing]
 12228 | D:13     | Received a gift from Okawaru
 12668 | D:13     | Received a gift from Okawaru
 12669 | D:13     | Got a pair of ancient boots {god gift}
 12681 | D:13     | Identified the +0 pair of boots of the End {Str+4} (Okawaru
                  | gifted it to you on level 13 of the Dungeon)
 12725 | D:13     | Killed from afar by a deep elf mage

Skill      XL: |  1  2  3  4  5  6  7  8  9 10 11 12 13 |
---------------+----------------------------------------+-----
Invocations    | 1 2 3 4 5 6 7 8 |  8.9
Short Blades   | 1 2 3 5 6 7 8 |  8.1
Long Blades    | 1 2 3 5 6 7 8 |  8.1
Axes           | 1 2 3 5 6 7 8 |  8.1
Polearms       | 1 2 3 5 6 7 8 |  8.1
Staves         | 1 2 3 5 6 7 8 |  8.1
Slings         | 1 2 3 5 6 7 8 |  8.1
Bows           | 1 2 3 5 6 7 8 |  8.1
Crossbows      | 1 2 3 5 6 7 8 |  8.1
Throwing       | 1 2 3 5 6 7 8 |  8.1
Dodging        | 1 2 3 5 6 7 8 |  8.1
Stealth        | 1 2 3 5 6 7 8 |  8.1
Unarmed Combat | 1 2 3 5 6 7 8 |  8.1
Spellcasting   | 1 2 3 5 6 7 8 |  8.1
Evocations     | 1 2 3 5 6 7 8 |  8.1
Conjurations   | 1 2 3 4 5 6 |  6.8
Hexes          | 1 2 3 4 5 6 |  6.8
Charms         | 1 2 3 4 5 6 |  6.8
Summonings     | 1 2 3 4 5 6 |  6.8
Necromancy     | 1 2 3 4 5 6 |  6.8
Translocations | 1 2 3 4 5 6 |  6.8
Transmutations | 1 2 3 4 5 6 |  6.8
Fire Magic     | 1 2 3 4 5 6 |  6.8
Ice Magic      | 1 2 3 4 5 6 |  6.8
Air Magic      | 1 2 3 4 5 6 |  6.8
Earth Magic    | 1 2 3 4 5 6 |  6.8
Poison Magic   | 1 2 3 4 5 6 |  6.8
Maces & Flails | 5 6 7 8 9 |  9.4
Fighting       | 7 8 9 10 | 10.4
Armour         | 7 8 9 10 | 10.4
Shields        | 7 8 9 10 | 10.4

Action                   |  1- 3 |  4- 6 |  7- 9 | 10-12 | 13-15 || total
-------------------------+-------+-------+-------+-------+-------++-------
Melee: Flail             |    66 |   168 |   319 |   904 |   256 ||  1713
       Bite              |     4 |    17 |    52 |   144 |    29 ||   246
       Short sword       |       |       |    13 |       |       ||    13
Throw: Stone             |       |     2 |       |       |       ||     2
       Tomahawk          |       |       |       |    15 |       ||    15
       Javelin           |       |       |       |    23 |       ||    23
Invok: Finesse           |       |       |       |       |     1 ||     1
  Use: Scroll            |     2 |     5 |     7 |     3 |     1 ||    18
       Potion            |       |       |       |     1 |     4 ||     5
 Stab: Sleeping          |       |       |     7 |    26 |       ||    33
       Distracted        |       |       |       |     3 |     1 ||     4
  Eat: Chunk             |       |     4 |     9 |    21 |     3 ||    37
       Ration            |       |       |     1 |       |       ||     1
Armor: Scale mail        |    16 |    44 |       |       |       ||    60
       Chain mail        |       |    10 |    44 |       |       ||    54
       Shadow dragon sca |       |       |    47 |   310 |    71 ||   428
       Plate armour      |       |       |     9 |       |       ||     9
Dodge: Dodged            |    26 |    80 |   109 |   377 |    87 ||   679
Block: Shield            |    38 |   128 |   187 |   491 |   131 ||   975
       Reflection        |       |       |       |     4 |     7 ||    11
